 Dungeon Crawl Stone Soup version 0.23.2-40-g277498a001 (webtiles) character file.

Game seed: 16213357770752521960

1164 Exodus22XD the Thaumaturge (level 8, 0/41 HPs)
             Began as a Deep Elf Ice Elementalist on Sept 24, 2019.
             Was an Initiate of Kikubaaqudgha.
             Killed by divine providence
             ... invoked by an orc priest
              (12 damage)
             ... on level 6 of the Dungeon.
             The game lasted 00:22:59 (5423 turns).

Exodus22XD the Thaumaturge (DEIE)                   Turns: 5423, Time: 00:23:00

Health: 0/41       AC:  6    Str:  5    XL:     8   Next: 17%
Magic:  8/22       EV: 13    Int: 23    God:    Kikubaaqudgha [......]
Gold:   185        SH:  5    Dex: 15    Spells: 13/23 levels left

rFire    + . .     SeeInvis .   u - -3 rapier (curse)
rCold    + . .     Gourm    .   (no shield)
rNeg     . . .     Faith    .   l - +4 robe "Duqia" {rElec rC+}
rPois    .         Spirit   .   (no helmet)
rElec    +         Reflect  +   (no cloak)
rCorr    .         Harm     .   (no gloves)
MR       .....                  (no boots)
Stlth    ++........             a - +5 amulet of reflection
HPRegen  0.13/turn              B - ring of protection from fire
MPRegen  0.18/turn              (no ring)

@: no status effects
A: no striking features
a: Renounce Religion


You were on level 6 of the Dungeon.
You worshipped Kikubaaqudgha.
Kikubaaqudgha was noncommittal.
You were not hungry.

You visited 2 branches of the dungeon, and saw 7 of its levels.
You also visited: Sewer.

You collected 185 gold pieces.

Inventory:

Hand Weapons
 b - a +0 dagger
 u - a cursed -3 rapier (weapon)
Armour
 f - a +2 buckler
 l - the +4 robe "Duqia" (worn) {rElec rC+}
   (You found it on level 5 of the Dungeon)

   It protects you from cold.
   It insulates you from electricity.
Magical Staves
 z - an uncursed staff of air {unknown}
Jewellery
 a - a +5 amulet of reflection (around neck)
 B - a ring of protection from fire (left hand)
Wands
 A - a wand of flame (15)
Scrolls
 e - 3 scrolls of enchant weapon
 h - a scroll of immolation {unknown}
 i - 2 scrolls of fear
 n - 3 scrolls of teleportation
 o - 3 scrolls of fog {unknown}
 q - 2 scrolls of enchant armour {unknown}
 r - a scroll of amnesia {unknown}
 x - a scroll of acquirement {unknown}
 y - a scroll of magic mapping {unknown}
 D - a scroll of remove curse {unknown}
Potions
 d - a potion of mutation {unknown}
 g - 5 potions of magic
 j - 3 potions of agility
 k - 2 potions of degeneration {unknown}
 m - a potion of lignification {unknown}
 p - 2 potions of brilliance {unknown}
 s - a potion of berserk rage {unknown}
 t - 3 potions of curing {unknown}
 w - a potion of haste {unknown}
 C - a potion of heal wounds {unknown}
Comestibles
 c - 10 rations
 v - a chunk of flesh


   Skills:
 - Level 2.4 Dodging
 - Level 2.4 Stealth
 - Level 8.1 Spellcasting
 - Level 1.1 Conjurations
 - Level 4.2 Summonings
 + Level 3.6 Necromancy
 - Level 7.1 Ice Magic


You had 13 spell levels left.
You knew the following spells:

 Your Spells              Type           Power        Failure   Level  Hunger
a - Freeze                Ice            ####         1%          1    None
b - Summon Ice Beast      Ice/Summ       #####...     7%          4    ###....
c - Ozocubu's Armour      Chrm/Ice       ####....     4%          3    None
d - Throw Frost           Conj/Ice       ####..       1%          2    None

Your spell library contained the following spells:

 Spells                   Type           Power        Failure   Level  Hunger
 Throw Icicle             Conj/Ice       ####....     13%         4    ###....


Dungeon Overview and Level Annotations

Branches:
Dungeon (6/15)             Temple (1/1) D:5

Altars:
Ashenzari
Cheibriados
Dithmenos
Gozag
Hepliaklqana
Kikubaaqudgha
Nemelex Xobeh
Okawaru
Qazlal
Ru
Sif Muna
Trog
Uskayaw
Vehumet
Wu Jian
Xom
Zin

Shops:
D:4 [

Annotations:
D:2 1 runed translucent door, Crazy Yiuf


Message History

Your ice beast hits the orc warrior but does no damage.
The orc priest closely misses your ice beast.
Your ice beast closely misses the orc warrior.
The orc warrior barely misses your ice beast.
Your ice beast hits the orc warrior but does no damage.
Your ice beast hits the orc warrior.
Your ice beast freezes the orc warrior!
Okay, then.
Casting: Summon Ice Beast (safe; 7% risk of failure)
Confirm with . or Enter, or press ? or * to list all spells.
Aiming: Throw Frost (safe; 1% risk of failure)
Press: ? - help, Shift-Dir - straight line, f/p - orc warrior
Aim: an orc warrior, wielding a +0 trident and wearing a +0 chain mail (almost dead)
The puff of frost hits the orc warrior but does no damage.
The orc warrior is almost dead.
Your ice beast hits the orc warrior but does no damage.
Something hits your ice beast but does no damage.
The orc priest invokes the aid of Beogh against you.
Beogh smites you!
You die...
Kikubaaqudgha rasps: "You have failed me!
Welcome... death!"

#. #...## ...# #.
#....##...# ..
.._......# #. ....#...#
#o. #...#...#
#.o###.###...#
#..YY........#
#.....o..@...#
#####+.####..#
#.........#############
#..........<...........
#..........############
#........#.# ##########
#........#.# #.).......
#......).#.. #(########
#..(.....#.>##(# #....


You could see an orc warrior, an orc priest and 2 friendly ice beasts.

Vanquished Creatures
  An ogre (D:5)
  2 scorpions
  2 crimson imps
  A hound (D:4)
  An iguana (D:4)
  Jessica (D:3)
  An orc wizard (D:5)
  A worker ant (D:4)
  8 adders
  3 river rats
  An ooze (D:1)
  3 worms
  2 dart slugs
  4 leopard geckos
  9 orcs
  5 bats
  5 giant cockroaches
  8 goblins
  9 hobgoblins
  3 quokkas
  13 ball pythons
  5 frilled lizards
  8 kobolds
  14 rats
110 creatures vanquished.

Vanquished Creatures (collateral kills)
  Grinder (D:4)
  Eustachio (D:4)
  Edmund (D:5)
  Menkaure (D:5)
  Duvessa (D:5)
  An ogre (D:4)
  A centaur (D:6)
  A phantom (D:4)
  Blork the orc (D:4)
  Dowan (D:5)
  A bullfrog skeleton (D:5)
  A hound (D:6)
  2 orc wizards
  Terence (D:3)
  An adder (D:5)
  A shadow imp (D:5)
  An ooze (D:5)
  An orc (D:6)
  A leopard gecko skeleton (D:6)
  A quokka zombie (D:5)
21 creatures vanquished.

Grand Total: 131 creatures vanquished

Notes
Turn   | Place    | Note
-------+----------+-------------------------------------------
     0 | D:1      | Exodus22XD the Deep Elf Ice Elementalist began the quest
                  | for the Orb.
     0 | D:1      | Reached XP level 1. HP: 10/10 MP: 6/6
    94 | D:1      | Reached XP level 2. HP: 8/15 MP: 4/8
   364 | D:1      | Reached XP level 3. HP: 17/19 MP: 5/9
   553 | D:1      | Found a shattered altar of Ashenzari.
   669 | D:1      | You fall through a shaft!
   754 | D:2      | Reached skill level 4 in Spellcasting
  1258 | D:2      | Reached XP level 4. HP: 24/24 MP: 7/12
  1264 | D:2      | Learned a level 4 spell: Summon Ice Beast
  1268 | D:2      | Learned a level 3 spell: Ozocubu's Armour
  1271 | D:2      | Learned a level 2 spell: Throw Frost
  1395 | D:2      | Reached skill level 1 in Summonings
  1637 | D:2      | Found a runed translucent door.
  1638 | D:2      | Noticed Crazy Yiuf
  1789 | D:3      | Found a shadowy altar of Dithmenos.
  1901 | D:3      | Reached XP level 5. HP: 27/28 MP: 11/13
  1956 | D:3      | Found a glowing drain.
  1966 | Sewer    | Entered a sewer
  2599 | D:3      | Noticed Jessica
  2605 | D:3      | Killed Jessica
  3043 | D:3      | Noticed Terence
  3056 | D:3      | Killed Terence
  3103 | D:4      | Found a hide-covered altar of Uskayaw.
  3107 | D:4      | Reached skill level 5 in Ice Magic
  3135 | D:4      | Noticed an ogre
  3146 | D:4      | Killed an ogre
  3146 | D:4      | Reached XP level 6. HP: 32/32 MP: 6/15
  3159 | D:4      | Found a sacrificial altar of Ru.
  3175 | D:4      | Reached skill level 5 in Spellcasting
  3270 | D:4      | Noticed Grinder
  3299 | D:4      | Found a snail-covered altar of Cheibriados.
  3300 | D:4      | Found Deobiph's Armour Emporium.
  3316 | D:4      | Noticed Blork the orc
  3325 | D:4      | Killed Blork the orc
  3660 | D:4      | Reached skill level 6 in Spellcasting
  3765 | D:4      | Noticed Eustachio
  3798 | D:4      | Killed Eustachio
  3798 | D:4      | Reached XP level 7. HP: 32/36 MP: 10/18
  3977 | D:4      | Killed Grinder
  3977 | D:4      | Reached skill level 7 in Spellcasting
  4043 | D:5      | Entered Level 5 of the Dungeon
  4197 | D:5      | Found a staircase to the Ecumenical Temple.
  4198 | D:5      | Noticed Menkaure
  4213 | D:5      | Killed Menkaure
  4223 | Temple   | Entered the Ecumenical Temple
  4264 | Temple   | Became a worshipper of Kikubaaqudgha
  4492 | D:5      | Noticed Dowan
  4498 | D:5      | Noticed Duvessa
  4506 | D:5      | Killed Duvessa
  4514 | D:5      | Killed Dowan
  4580 | D:5      | Found a shimmering altar of Xom.
  4673 | D:5      | Reached skill level 8 in Spellcasting
  4870 | D:5      | Got a shadowed robe
  4881 | D:5      | Identified the +4 robe "Duqia" {rElec rC+} (You found it on
                  | level 5 of the Dungeon)
  4990 | D:5      | Noticed Edmund
  5009 | D:5      | Killed Edmund
  5009 | D:5      | Reached skill level 1 in Necromancy
  5009 | D:5      | Reached XP level 8. HP: 41/41 MP: 15/22
  5032 | D:5      | Found an opulent altar of Gozag.
  5040 | D:5      | Found a sparkling altar of Nemelex Xobeh.
  5400 | D:6      | Found a bloodstained altar of Trog.
  5423 | D:6      | Killed from afar by an orc priest

Skill      XL: |  1  2  3  4  5  6  7  8 |
---------------+-------------------------+-----
Ice Magic      | 4 5 6 7 |  7.1
Spellcasting   | 4 6 8 |  8.1
Summonings     | 2 4 |  4.2
Necromancy     | 1 3 |  3.6
Dodging        | |  2.4
Stealth        | |  2.4
Conjurations   | |  1.1

Action                   |  1- 3 |  4- 6 |  7- 9 || total
-------------------------+-------+-------+-------++-------
Melee: Dagger            |     3 |     2 |       ||     5
       Rapier            |       |     2 |       ||     2
 Cast: Freeze            |    49 |   107 |    33 ||   189
       Summon Ice Beast  |       |    11 |    27 ||    38
       Ozocubu's Armour  |       |     1 |       ||     1
       Throw Frost       |       |       |     1 ||     1
  Use: Scroll            |       |       |     5 ||     5
 Stab: Sleeping          |       |     2 |       ||     2
  Eat: Chunk             |       |    11 |     4 ||    15
       Ration            |       |       |     1 ||     1
Armor: Robe              |     4 |    10 |     3 ||    17
Dodge: Dodged            |    29 |    55 |    17 ||   101
Block: Other             |       |       |     2 ||     2
